 Dungeon Crawl Stone Soup version 0.30.1-11-g7821555f0a (webtiles) character file.

Game seed: 1986931627963653152

5618 KittyFluff the Protected (level 10, -12/63 HPs)
             Began as a Gargoyle Berserker on Nov 11, 2023.
             Was a High Priest of Trog.
             Mangled by a spriggan defender skeleton (15 damage)
             ... on level 1 of the Abyss.
             The game lasted 00:42:46 (8716 turns).

KittyFluff the Protected (Gargoyle Berserker)       Turns: 8716, Time: 00:42:46

Health: -12/63     AC: 17    Str: 25    XL:     10   Next: 73%
Magic:  10/10      EV: 14    Int:  8    God:    Trog [*****.]
Gold:   304        SH:  5    Dex: 15    Spells: 9/9 levels left

rFire   . . .        S - +3 flail (freeze)
rCold   . . .        (no shield)
rNeg    + + .        t - +3 leather armour of Gluttony {rN+}
rPois   ∞            e - +0 helmet
rElec   +            Q - +0 cloak {Stlth+}
rCorr   .            (no gloves)
SInv    .            (no boots)
Will    .....        h - amulet of reflection
Stlth   ++++         L - +6 ring of dexterity
HPRegen 0.30/turn    K - +4 ring of slaying
MPRegen 0.12/turn

%: reflection
@: no status effects
A: sickness immunity, AC +7, negative energy resistance 1, electricity
resistance, torment resistance 1, petrification resistance
a: Renounce Religion, Berserk, Trog's Hand, Brothers in Arms


You were on level 1 of the Abyss.
You worshipped Trog.
Trog was extremely pleased with you.
You visited 1 branch of the dungeon, and saw 9 of its levels.
You visited the Abyss 1 time.
You also visited: Sewer.

You collected 479 gold pieces.
You spent 175 gold pieces at shops.

Inventory:

Hand Weapons
 a - a +0 mace
 E - a +0 heavy flail
 N - a +0 morningstar
 P - a +2 quarterstaff of chaos
 R - a +2 hammer of holy wrath
 S - a +3 flail of freezing (weapon)
 U - a +0 hand crossbow
Missiles
 b - 11 poisoned darts (quivered)
 T - a boomerang
 V - a silver javelin
 W - a throwing net
Armour
 e - a +0 helmet (worn)
 s - the +1 scale mail of Cowardice {-Tele +Inv Fly Dex+3}
   (You took it off a kobold on level 4 of the Dungeon)

   Dex:       It affects your dexterity (+3).
   +Inv:      It lets you turn invisible.
   Fly:       It grants you flight.
   -Tele:     It prevents most forms of teleportation.
 t - the +3 leather armour of Gluttony (worn) {rN+}
   (You bought it in a shop on level 2 of the Dungeon)

   rN:        It protects you from negative energy.
 Q - a +0 cloak of stealth (worn)
Jewellery
 h - an amulet of reflection (around neck)
 o - a ring of flight
 x - a ring of positive energy
 H - an amulet of regeneration
 K - a +4 ring of slaying (right hand)
 L - a +6 ring of dexterity (left hand)
Wands
 n - a wand of iceblast (17)
 y - a wand of light (2)
 D - a wand of paralysis (19)
 O - a wand of digging (9)
 Z - a wand of polymorph (3)
Scrolls
 c - a scroll of noise {unknown}
 f - 2 scrolls of enchant weapon {unknown}
 g - 8 scrolls of teleportation {unknown}
 k - 2 scrolls of vulnerability {unknown}
 l - 5 scrolls of fear {unknown}
 p - 2 scrolls of enchant armour {unknown}
 q - 2 scrolls of blinking {unknown}
 v - a scroll of amnesia {unknown}
 w - 3 scrolls of summoning {unknown}
 A - a scroll of magic mapping {unknown}
 B - a scroll of poison
 G - 3 scrolls of fog {unknown}
 M - a scroll of immolation
 Y - a scroll of torment
Potions
 d - 3 potions of cancellation
 i - 5 potions of curing
 j - a potion of might
 m - 2 potions of invisibility
 r - 2 potions of heal wounds
 u - 5 potions of magic {unknown}
 z - 4 potions of attraction {unknown}
 C - 3 potions of ambrosia {unknown}
 F - 2 potions of mutation {unknown}
 I - 2 potions of haste {unknown}
 J - a potion of flight {unknown}


   Skills:
 + Level 7.0 Fighting
 * Level 8.7 Maces & Flails
 + Level 2.6 Ranged Weapons
 * Level 9.3 Armour
 + Level 4.9 Dodging
 + Level 6.6 Stealth
 + Level 2.4 Evocations


You had 9 spell levels left.
You didn't know any spells.
Your spell library was empty.

Dungeon Overview and Level Annotations

Branches:
Dungeon (9/15)             Temple (0/1) D:6           Sewer (visited)
   Lair: D:8-11         Orc: D:9-12

Altars:
Dithmenos
Elyvilon
Kikubaaqudgha

Shops:
D:2 [   D:7 ?(

Annotations:
D:9 Erolcha


Innate Abilities, Weirdness & Mutations

You are immune to sickness and miasma.
Your stone body is resilient. (AC +7)
You are immune to poison.
You resist negative energy. (rN+)
You are resistant to electric shocks. (rElec)
You are resistant to unholy torment.
You are immune to petrification.


Message History

The hellwing barely misses you. You block the hellwing's attack.
You sock the hellwing! You freeze the hellwing.
You kill the hellwing!
Trog accepts your kill.
Your Fighting skill increases to level 7!
A starcursed mass comes into view.
The starcursed mass shrieks in your mind.
The starcursed mass shrieks in your mind.
A starcursed mass splits.
A starcursed mass splits.
A spriggan defender skeleton comes into view.
The spriggan defender skeleton hits you!
You block the spriggan defender skeleton's attack.
A starcursed mass splits.
The spriggan defender skeleton hits you!
You thump the spriggan defender skeleton!
You freeze the spriggan defender skeleton.
The spriggan defender skeleton is lightly damaged.
The spriggan defender skeleton hits you but does no damage.
You closely miss the spriggan defender skeleton.
The spriggan defender skeleton is lightly damaged.
The spriggan defender skeleton hits you.
You thump the spriggan defender skeleton!
You freeze the spriggan defender skeleton.
The spriggan defender skeleton is moderately damaged.
The spriggan defender skeleton hits you!
* * * LOW HITPOINT WARNING * * *
You sock the spriggan defender skeleton!
The spriggan defender skeleton is moderately damaged.
The spriggan defender skeleton hits you but does no damage. x2
You sock the spriggan defender skeleton!
You freeze the spriggan defender skeleton.
The spriggan defender skeleton is heavily damaged.
The spriggan defender skeleton hits you but does no damage.
You miss the spriggan defender skeleton.
The spriggan defender skeleton is heavily damaged.
The starcursed mass shrieks in your mind.
* * * LOW HITPOINT WARNING * * *
The spriggan defender skeleton hits you!
You die...

#.X.#...####
# ##...
#..###
#....##.#...
..##.#..#..
# #..
...#.##.#
.##.##.X#..#
.. #.#.....#
..##.##Z##
.#.. #.@##
..##.### #


You could see a starcursed mass and a spriggan defender skeleton.

Vanquished Creatures
  2 two-headed ogres
  A hellwing (Abyss:1)
  A wyvern (D:8)
  3 humans (D:9)
  A neqoxec (Abyss:1)
  2 steam dragons
  Duvessa (D:5)
  A water moccasin (D:6)
  An ice beast (D:7)
  An orc warrior (D:8)
  3 sky beasts
  An ogre (D:6)
  A centaur (D:8)
  2 kobold brigands
  2 bullfrogs (D:8)
  4 scorpions (D:5)
  Dowan (D:5)
  10 wights
  8 killer bees
  A howler monkey (D:7)
  4 orc priests
  5 jellies
  Crazy Yiuf (D:6)
  5 hounds
  An iguana (D:6)
  A sleepcap (D:4)
  5 orc wizards
  Robin (D:2)
  8 gnolls
  12 adders
  2 river rats (Sewer)
  A white imp (D:8)
  3 ufetubi
  4 worms
  3 dart slugs
  25 orcs
  7 ball pythons
  4 endoplasms
  3 giant cockroaches
  11 goblins
  8 hobgoblins
  15 jackals
  6 quokkas
  3 training dummies (D:7)
  7 bats
  10 frilled lizards
  14 kobolds
  13 rats
229 creatures vanquished.

Vanquished Creatures (others)
  A hound (D:6)
  An orc (D:6)
2 creatures vanquished.

Grand Total: 231 creatures vanquished

Notes
Turn   | Place    | Note
-------+----------+-------------------------------------------
     0 | D:1      | KittyFluff the Gargoyle Berserker began the quest for the
                  | Orb.
     0 | D:1      | Reached XP level 1. HP: 14/14 MP: 1/1
     9 | D:1      | Found an ancient bone altar of Kikubaaqudgha.
   159 | D:1      | Reached XP level 2. HP: 15/19 MP: 2/2
   582 | D:1      | Reached ** piety under Trog
   836 | D:2      | Reached skill level 1 in Stealth
   836 | D:2      | Reached XP level 3. HP: 4/23 MP: 3/3
   839 | D:2      | Reached skill level 3 in Armour
   848 | D:2      | Reached XP level 4. HP: 4/28 MP: 4/4
   996 | D:2      | Found a shadowy altar of Dithmenos.
  1377 | D:2      | Found Aroh's Antique Armour Emporium.
  1439 | D:2      | Noticed Robin
  1457 | D:2      | Killed Robin
  1458 | D:2      | Reached XP level 5. HP: 23/33 MP: 5/5
  1707 | D:2      | Bought a spiked leather armour for 126 gold pieces
  1707 | D:2      | Identified the +3 leather armour of Gluttony {rN+} (You
                  | bought it in a shop on level 2 of the Dungeon)
  1915 | D:3      | Reached *** piety under Trog
  2715 | D:4      | Reached skill level 4 in Armour
  2875 | D:4      | Reached XP level 6. HP: 38/38 MP: 6/6
  3009 | D:4      | Identified the +1 scale mail of Cowardice {-Tele +Inv Fly
                  | Dex+3}
  3369 | D:5      | Entered Level 5 of the Dungeon
  3463 | D:5      | Reached XP level 7. HP: 43/43 MP: 7/7
  3513 | D:5      | Noticed a two-headed ogre
  3515 | D:5      | Reached skill level 5 in Armour
  3521 | D:5      | Killed a two-headed ogre
  3522 | D:5      | Reached skill level 5 in Maces & Flails
  3522 | D:5      | Reached skill level 6 in Armour
  3522 | D:5      | Reached XP level 8. HP: 15/48 MP: 8/8
  3638 | D:5      | Reached skill level 5 in Fighting
  3642 | D:5      | Found a glowing drain.
  3651 | Sewer    | Entered a sewer
  3786 | Sewer    | Reached **** piety under Trog
  4454 | D:5      | Noticed Duvessa
  4455 | D:5      | Noticed Dowan
  4486 | D:5      | Killed Dowan
  5210 | D:5      | HP: 3/73 [Duvessa/+0 short sword (4)]
  5212 | D:5      | Killed Duvessa
  5406 | D:6      | Reached XP level 9. HP: 40/54 MP: 9/9
  5556 | D:6      | Reached skill level 7 in Armour
  5581 | D:6      | Found a staircase to the Ecumenical Temple.
  5681 | D:6      | Reached skill level 5 in Stealth
  6089 | D:6      | Found a runed translucent door.
  6090 | D:6      | Noticed Crazy Yiuf
  6099 | D:6      | Killed Crazy Yiuf
  6467 | D:7      | Found Woly's Magic Scroll Shoppe.
  6574 | D:7      | Found a white marble altar of Elyvilon.
  6664 | D:7      | Found Miaq's Firing Range.
  6669 | D:7      | Bought a +0 hand crossbow for 49 gold pieces
  6711 | D:7      | Reached skill level 8 in Armour
  6992 | D:7      | Reached skill level 1 in Ranged Weapons
  6992 | D:7      | Reached skill level 1 in Evocations
  7340 | D:8      | Reached XP level 10. HP: 39/61 MP: 10/10
  7491 | D:8      | Reached ***** piety under Trog
  7824 | D:8      | Identified the +1 long sword "Myci" {venom, rElec Will-
                  | Str-4 Stlth+}
  8059 | D:8      | Noticed a two-headed ogre
  8083 | D:8      | Killed a two-headed ogre
  8089 | D:8      | Reached skill level 9 in Armour
  8499 | D:9      | Noticed Erolcha
  8511 | Abyss:1  | Cast into level 1 of the Abyss (Erolcha)
  8544 | Abyss:1  | Noticed a thrashing horror
  8624 | Abyss:1  | Noticed a bone dragon
  8627 | Abyss:1  | Noticed a wretched star
  8657 | Abyss:1  | Noticed a tentacled starspawn
  8688 | Abyss:1  | Noticed a starcursed mass
  8716 | Abyss:1  | HP: 3/63 [starcursed mass/accursed screaming (8)]
  8716 | Abyss:1  | Mangled by a spriggan defender skeleton

Illustrated notes

Levels and vault maps discovered:
D:1:      dpeg_arrival_lava_altar, layout_loops_ring, dreamdust_princess_bridge
D:2:      layout_basic, serial_shops, shop_fountains, basic_altar, uniq_robin
D:3:      layout_loops_corners
D:4:      layout_basic, corexii_shack, minmay_close_crescents
D:5:      layout_gridville, portal_sewer_entry_d, uniq_duvessa
D:6:      layout_rooms, temple_statues, hangedman_decor_clover_reticule,
          uniq_crazy_yiuf_cottage
D:7:      layout_rooms, mainiacjoe_overflow_paths, serial_shops, shop,
          nicolae_shop_firing_range
D:8:      cheibrodos_iron_armory, layout_basic, minmay_tree_intersection,
          kennysheep_generic_room_13
D:9:      minmay_chambers_of_sevens, layout_rooms,
          nicolae_overflow_hallway_of_the_gods, minivault_26, grunt_decor_cap,
          hangedman_glass_teeth, minmay_ruffians, uniq_erolcha, uniq_harold
Abyss:1:  base:
D:9

Skill      XL: |  1  2  3  4  5  6  7  8  9 10 |
---------------+-------------------------------+-----
Stealth        | 1 2 4 6 |  6.6
Armour         | 3 4 6 8 9 |  9.3
Dodging        | 2 3 4 |  4.9
Maces & Flails | 4 5 6 8 |  8.7
Fighting       | 4 5 6 7 |  7.0
Ranged Weapons | 1 2 |  2.6
Evocations     | 1 2 |  2.4

Action                     |  1- 3 |  4- 6 |  7- 9 | 10-12 || total
---------------------------+-------+-------+-------+-------++-------
  Melee: Mace              |    93 |   303 |   371 |     1 ||   768
         Punch             |       |     6 |     2 |     5 ||    13
         Flail             |       |       |    52 |   108 ||   160
   Fire: Hand crossbow     |       |       |     9 |    23 ||    32
 Invoke: Berserk           |     1 |     1 |     3 |     1 ||     6
    Use: Scroll            |       |     7 |     1 |     1 ||     9
   Stab: Sleeping          |       |     3 |     8 |       ||    11
 Armour: Animal skin       |     7 |       |       |       ||     7
         Leather armour    |    35 |   132 |   183 |    50 ||   400
  Dodge: Dodged            |    66 |   178 |   210 |    59 ||   513
  Block: Other             |       |    44 |    86 |    23 ||   153
         Reflection        |       |       |     3 |     1 ||     4
